 Dungeon Crawl Stone Soup version 0.27-a0-203-gd48b2df3c9 (webtiles) character file.

Game seed: 4806062491035176267

663 Lanoc the Chopper (level 7, -7/60 HPs)
             Began as a Grey Draconian Gladiator on Jan 30, 2021.
             Blown up by an orc (19 damage)
             ... with a mindburst bolt
             ... on level 4 of the Dungeon.
             The game lasted 00:02:25 (1291 turns).

Lanoc the Chopper (Grey Draconian Gladiator)        Turns: 1291, Time: 00:02:26

Health: -7/60      AC: 11    Str: 16    XL:     7   Next: 31%
Magic:  7/7        EV: 14    Int:  9    God:
Gold:   95         SH:  0    Dex: 14    Spells: 6/6 levels left

rFire    . . .     SeeInvis +   a - +0 war axe
rCold    . . .     Faith    .   (no shield)
rNeg     . . .     Spirit   .   (armour unavailable)
rPois    .         Reflect  .   b - +0 hat
rElec    .         Harm     .   (no cloak)
rCorr    .         Rampage  .   (no gloves)
Will     .....                  (no boots)
Stlth    ..........             l - amulet of regeneration
HPRegen  0.60/turn              o - ring of see invisible
MPRegen  0.10/turn              m - ring of attention (curse)

@: no status effects
A: walk through water, unfitting armour, unbreathing, cold-blooded, AC +11
a: no special abilities


You were on level 4 of the Dungeon.
You visited 1 branch of the dungeon, and saw 4 of its levels.

You collected 95 gold pieces.

Inventory:

Hand Weapons
 a - a +0 war axe (weapon)
Missiles
 c - a throwing net (quivered)
Armour
 b - a +0 hat (worn)
Jewellery
 i - an uncursed ring of resist corrosion
 l - an amulet of regeneration (around neck)
 m - a cursed ring of attention (right hand)
 o - a ring of see invisible (left hand)
Scrolls
 d - a scroll of blinking {unknown}
 f - 3 scrolls of identify {unknown}
 g - 2 scrolls of enchant armour {unknown}
 j - a scroll of immolation {unknown}
 k - a scroll of remove curse {unknown}
 n - 4 scrolls of fear {unknown}
Potions
 e - a potion of mutation {unknown}
 h - a potion of lignification


   Skills:
 + Level 4.8 Fighting
 * Level 6.4 Axes
 - Level 1.7 Throwing
 + Level 4.5 Dodging


You had 6 spell levels left.
You didn't know any spells.
Your spell library was empty.

Dungeon Overview and Level Annotations

Branches:
Dungeon (4/15)
 Temple: D:4-7

Altars:
Fedhas


Innate Abilities, Weirdness & Mutations

You can walk through water.
Your dull iron-grey scales are very hard. (AC +11)
You cannot fit into any form of body armour.
You can survive without breathing.
You are cold-blooded and may be slowed by cold attacks.


Message History

The orc shouts!
The ogre shouts!
You hear an angry hiss.
You hear a shout!
A gnoll comes into view. It is wielding a +0 whip.
The gnoll shouts!
You hear a shout!
The ogre hits you with a +0 giant spiked club!!
Found a scroll labelled GIAMARH TONN and a fluorescent wand.
Found a blossoming altar of Fedhas.
You barely miss the ogre. You tail-slap the ogre.
The ogre is lightly wounded.
An iguana comes into view.
The ogre hits you with a +0 giant spiked club!
You are too injured to fight recklessly!
You are too injured to fight recklessly!
You hit the ogre. You tail-slap the ogre.
The ogre is heavily wounded.
The orc zaps a wand.
Your mind is blasted!
* * * LOW HITPOINT WARNING * * *
The ogre closely misses you.
A gnoll comes into view. It is wielding a +0 whip.
The orc zaps a wand.
Your mind is blasted!
You die...

........#
../g...
........#
##.......
........#
#.....≈..
........#
#...>..≈≈
.......##
#..go..≈_
.......#
#......≈≈
###.##..#
##.....≈.≈
#..##.#
#..O...l..
##.# =#
#@##?.....
#.##.#### #.#
##### #..# ..#
#.# ##.## #.#
###.# . #..#
#.# #...# ..
##.###.###.###
#.<###
#.......#)#
#.....
###.....#.##
#.###.
#........#
#### #.


You could see an ogre, an iguana, a gnoll and an orc.

Vanquished Creatures
  Pikel (D:4)
  A scorpion (D:4)
  2 hounds (D:4)
  An iguana (D:4)
  Natasha (D:4)
  An adder skeleton (D:4)
  A worm (D:3)
  A dart slug (D:3)
  3 orcs (D:4)
  A ball python (D:3)
  A bat (D:3)
  A giant cockroach (D:3)
  2 goblins (D:3)
  2 hobgoblins (D:3)
  3 jackals (D:3)
  A quokka (D:4)
  A frilled lizard (D:3)
  A rat (D:3)
25 creatures vanquished.

Notes
Turn   | Place    | Note
-------+----------+-------------------------------------------
     0 | D:1      | Lanoc the Draconian Gladiator began the quest for the Orb.
     0 | D:1      | Reached XP level 1. HP: 17/17 MP: 1/1
    67 | D:3      | Reached XP level 2. HP: 10/25 MP: 2/2
   968 | D:4      | Noticed a scorpion
   984 | D:4      | Killed a scorpion
   985 | D:4      | Reached skill level 4 in Axes
   985 | D:4      | Reached XP level 3. HP: 25/31 MP: 3/3
   985 | D:4      | Reached XP level 4. HP: 31/38 MP: 4/4
  1065 | D:4      | Noticed a lemure
  1066 | D:4      | Noticed Pikel
  1066 | D:4      | Noticed a lemure
  1066 | D:4      | Noticed a lemure
  1067 | D:4      | Noticed a lemure
  1088 | D:4      | Killed Pikel
  1089 | D:4      | Reached skill level 6 in Axes
  1089 | D:4      | Reached XP level 5. HP: 37/47 MP: 5/5
  1089 | D:4      | Reached XP level 6. HP: 41/53 MP: 6/6
  1089 | D:4      | Your scales start taking on a dull iron-grey colour.
  1089 | D:4      | Reached XP level 7. HP: 47/60 MP: 7/7
  1089 | D:4      | Gained mutation: You can survive without breathing. [Grey
                  | Draconian growth]
  1249 | D:4      | Noticed Natasha
  1254 | D:4      | Killed Natasha
  1288 | D:4      | Found a blossoming altar of Fedhas.
  1291 | D:4      | Blown up by an orc

Illustrated notes

Levels and vault maps discovered:
D:1:      dpeg_arrival_pits, layout_basic
D:2:      minmay_recursive_quarters, layout_basic, okawaru_ov_weapons_minmay,
          lemuel_round_altar, doesnt_xom_only_xom,
          chequers_ecumenical_altar_simple, grunt_dithmenos_smoke_and_mirrors
D:3:      layout_loops_ring, kennysheep_generic_room_12
D:4:      layout_rooms, fedhas_altar_2, uniq_pikel, uniq_natasha

Skill      XL: |  1  2  3  4 |
---------------+-------------+-----
Dodging        | 3 4 |  4.5
Fighting       | 3 4 |  4.8
Axes           | 4 6 |  6.4
Throwing       | |  1.7

Action                   |  1- 3 |  4- 6 |  7- 9 || total
-------------------------+-------+-------+-------++-------
Melee: War axe           |    43 |    24 |    21 ||    88
       Tailslap          |     5 |     3 |     4 ||    12
Throw: Throwing net      |       |     3 |       ||     3
  Use: Potion            |     2 |       |       ||     2
 Stab: Held in net/web   |       |     1 |       ||     1
Armor: Skin              |    36 |    12 |     3 ||    51
Dodge: Dodged            |    34 |     5 |    17 ||    56

Table legend: (Time is in decaauts)
 A = Elapsed time spent in this place.
 B = Non-inter-level travel time spent in this place.
 C = Inter-level travel time spent in this place.
 D = Time resting spent in this place.
 E = Time spent auto-exploring this place.
 F = Levels seen in this place.
 G = Mean time per level.
                   A        B        C        D        E       F      G
               +--------+--------+--------+--------+--------+-----+--------+
         Total |   1319 |   1261 |     58 |      0 |   1048 |   4 |  329.8 |
       Dungeon |   1319 |   1261 |     58 |      0 |   1048 |   4 |  329.8 |
               +--------+--------+--------+--------+--------+-----+--------+

Top non-repeatable levels by time:
     D:3: 948 daAuts
     D:4: 341 daAuts
     D:2: 27 daAuts
     D:1: 2 daAuts
